[Event "Czech Open-E Teams 2022"]
[Site "Pardubice"]
[Date "2022.07.15"]
[Round "3.5"]
[White "Roubalik, Jakub"]
[Black "Sramek, Vojtech"]
[Result "0-1"]
[ECO "D35"]
[WhiteElo "2380"]
[BlackElo "2249"]
[Annotator "ChessBase"]
[PlyCount "72"]
[EventDate "2022.07.14"]
[EventType "team-tourn"]
[EventCountry "CZE"]
[SourceTitle "playchess.com"]
[Source "ChessBase"]
[SourceQuality "1"]
[TimeControl "5400+30"]

1. d4 d5 2. c4 e6 3. Nc3 Nf6 4. cxd5 Nxd5 5. e4 Nxc3 6. bxc3 c5 7. Nf3 cxd4 8. cxd4 Bb4+ 9. Bd2 Bxd2+ 10. Qxd2 O-O 11. Bc4 b6 12. O-O Bb7 13. Rfe1 Nd7 14. Rad1 Rc8 15. Bb3 Re8 16. Qe3 Nf6 17. Qf4 Nh5 18. Qe3 Nf6 19. Qd3 h6 20. Ne5 Qc7 21. Qf3 b5 22. Qf4 a5 23. Rd3 a4 24. Bd1 Qc1 25. Rde3 Qd2 26. Bh5 Re7 27. Bxf7+ Rxf7 28. Nxf7 Kxf7 29. h3 Qxd4 30. Rf3 Kg8 31. Qh4 Kh7 32. Qg3 Qd2 33. Rfe3 Rc1 34. Rxc1 Qxc1+ 35. Kh2 Bxe4 36. Qe5 Bd5 0-1

[Event "Czech Open-E Teams 2022"]
[Site "Pardubice"]
[Date "2022.07.15"]
[Round "3.6"]
[White "Kostka, Vit"]
[Black "Nemec, Jachym"]
[Result "1/2-1/2"]
[ECO "B31"]
[WhiteElo "2168"]
[BlackElo "2357"]
[Annotator "ChessBase"]
[PlyCount "69"]
[EventDate "2022.07.14"]
[EventType "team-tourn"]
[EventCountry "CZE"]
[SourceTitle "playchess.com"]
[Source "ChessBase"]
[SourceQuality "1"]
[TimeControl "5400+30"]

1. e4 c5 2. Nf3 Nc6 3. Bb5 g6 4. Bxc6 dxc6 5. h3 Bg7 6. d3 e5 7. Be3 b6 8. Nbd2 Qc7 9. a4 f5 10. Nc4 f4 11. Bd2 Nh6 12. Ncxe5 O-O 13. Nc4 Ba6 14. O-O Bxc4 15. dxc4 Bxb2 16. Rb1 Bg7 17. Qc1 Qf7 18. Re1 Qxc4 19. Bxf4 Nf7 20. a5 b5 21. Nd2 Qe6 22. c4 Bd4 23. Nf3 bxc4 24. Rb7 c3 25. Be3 Rad8 26. Rxa7 Ne5 27. Ng5 Qa2 28. Kh2 Nd3 29. Bxd4 cxd4 30. Qb1 Qxb1 31. Rxb1 Rb8 32. Rxb8 Rxb8 33. Nxh7 c2 34. Nf6+ Kf8 35. Rd7 1/2-1/2

[Event "Czech Open-E Teams 2022"]
[Site "Pardubice"]
[Date "2022.07.15"]
[Round "3.7"]
[White "Kusa, Jakub"]
[Black "Husek, Martin"]
[Result "1/2-1/2"]
[ECO "E06"]
[WhiteElo "2353"]
[BlackElo "2132"]
[Annotator "ChessBase"]
[PlyCount "168"]
[EventDate "2022.07.14"]
[EventType "team-tourn"]
[EventCountry "CZE"]
[SourceTitle "playchess.com"]
[Source "ChessBase"]
[SourceQuality "1"]
[TimeControl "5400+30"]

1. d4 Nf6 2. Nf3 d5 3. c4 e6 4. g3 Be7 5. Bg2 O-O 6. O-O dxc4 7. Qc2 b5 8. a4 Bb7 9. axb5 a6 10. Nc3 axb5 11. Rxa8 Bxa8 12. Nxb5 Bd5 13. Rd1 Na6 14. Bf4 c5 15. Nc3 Nb4 16. Qd2 cxd4 17. Qxd4 Nc6 18. Qd2 Ne4 19. Nxe4 Bxe4 20. Qc1 Qb6 21. Ne5 Nxe5 22. Bxe5 Bxg2 23. Kxg2 Qc6+ 24. f3 Rd8 25. Rxd8+ Bxd8 26. Bd4 Qd5 27. Qc3 f6 28. e4 Qb5 29. Qa3 Qd7 30. Qc5 Qc7 31. Qb5 Kf7 32. Qh5+ Kf8 33. Qxh7 e5 34. Qh8+ Kf7 35. Qh5+ Kf8 36. Bc3 Qd6 37. Qf5 Kf7 38. h4 Bb6 39. h5 Be3 40. Qc8 Qc5 41. Qd7+ Kg8 42. Kh3 Bd4 43. Kg4 Kh7 44. Qe8 Be3 45. Qd7 Bh6 46. Bd2 Bxd2 47. Qxd2 Qd4 48. Qc2 Qd7+ 49. Kh4 Qd3 50. Qg2 c3 51. bxc3 Qxc3 52. Qe2 Qc1 53. g4 Qh1+ 54. Kg3 Qg1+ 55. Qg2 Qe1+ 56. Qf2 Qh1 57. Qe3 Qf1 58. g5 fxg5 59. Kg4 Qg2+ 60. Kf5 Qg3 61. Qxg5 Qxf3+ 62. Kxe5 Qc3+ 63. Kd6 Qb4+ 64. Ke5 Qc5+ 65. Kf4 Qf2+ 66. Kg4 Qe2+ 67. Kf5 Qf3+ 68. Ke5 Qc3+ 69. Ke6 Qc6+ 70. Kf7 Qb7+ 71. Qe7 Qb3+ 72. Qe6 Qb7+ 73. Ke8 Qb5+ 74. Kd8 Qa5+ 75. Ke7 Qc5+ 76. Qd6 Qg5+ 77. Kd7 Qb5+ 78. Qc6 Qxh5 79. Qd5 Qxd5+ 80. exd5 g5 81. d6 g4 82. Ke6 g3 83. d7 g2 84. d8=Q g1=Q 1/2-1/2

[Event "Czech Open-E Teams 2022"]
[Site "Pardubice"]
[Date "2022.07.15"]
[Round "3.8"]
[White "Walica, Roman"]
[Black "Pisk, Petr"]
[Result "0-1"]
[ECO "B30"]
[WhiteElo "2123"]
[BlackElo "2329"]
[Annotator "ChessBase"]
[PlyCount "49"]
[EventDate "2022.07.14"]
[EventType "team-tourn"]
[EventCountry "CZE"]
[SourceTitle "playchess.com"]
[Source "ChessBase"]
[SourceQuality "1"]
[TimeControl "5400+30"]

1. e4 c5 2. Nf3 Nc6 3. c4 d6 4. d4 Bg4 5. d5 Nd4 6. Be2 Bxf3 7. Bxf3 g6 8. Nc3 Bg7 9. O-O Nf6 10. Bg4 Nxg4 11. Qxg4 Qd7 12. Qd1 O-O 13. a4 Rfb8 14. Ra3 a6 15. a5 b5 16. axb6 Rxb6 17. f4 f5 18. e5 Rb4 19. Na4 Rab8 20. Bd2 Rxc4 21. Bc3 dxe5 22. fxe5 Qxd5 23. b3 Rxc3 24. Nxc3 Qxe5 25. Rxa6 0-1

[Event "Czech Open-E Teams 2022"]
[Site "Pardubice"]
[Date "2022.07.15"]
[Round "3.9"]
[White "Sprenar, Petr"]
[Black "Cerveny, Martin"]
[Result "0-1"]
[ECO "D11"]
[WhiteElo "2276"]
[BlackElo "2396"]
[Annotator "ChessBase"]
[PlyCount "92"]
[EventDate "2022.07.14"]
[EventType "team-tourn"]
[EventCountry "CZE"]
[SourceTitle "playchess.com"]
[Source "ChessBase"]
[SourceQuality "1"]
[TimeControl "5400+30"]

1. d4 d5 2. c4 c6 3. Nf3 Nf6 4. Qc2 g6 5. Bf4 Bg7 6. e3 O-O 7. Nc3 c5 8. dxc5 Na6 9. cxd5 Nxc5 10. e4 Bg4 11. Ne5 Rc8 12. Nxg4 Nxg4 13. Be2 Nf6 14. f3 a6 15. O-O b5 16. Qd2 Qa5 17. Rfc1 Rfd8 18. Nd1 Qa4 19. Be3 Nfd7 20. Kf1 f5 21. exf5 gxf5 22. g3 Nb7 23. Rxc8 Rxc8 24. Rc1 Rd8 25. Rc7 Nd6 26. b3 Qa3 27. Bg5 Nf7 28. Bf4 Nf6 29. Qc2 Nxd5 30. Rc8 Nxf4 31. Rxd8+ Nxd8 32. gxf4 e6 33. Qc7 Bf6 34. Qc2 Qd6 35. Qc1 Nc6 36. Nf2 Nb4 37. a4 bxa4 38. bxa4 a5 39. Qc8+ Kg7 40. Qb7+ Kg6 41. Qb5 Nd5 42. Qe8+ Kg7 43. Nd3 Qb6 44. Qb5 Qe3 45. Qd7+ Kh6 46. Qe8 Nc3 0-1

[Event "Czech Open-E Teams 2022"]
[Site "Pardubice"]
[Date "2022.07.15"]
[Round "3.10"]
[White "Szotkowski, Jakub"]
[Black "Tichy, Stepan"]
[Result "1/2-1/2"]
[ECO "E01"]
[WhiteElo "2344"]
[BlackElo "2207"]
[Annotator "ChessBase"]
[PlyCount "144"]
[EventDate "2022.07.14"]
[EventType "team-tourn"]
[EventCountry "CZE"]
[SourceTitle "playchess.com"]
[Source "ChessBase"]
[SourceQuality "1"]
[TimeControl "5400+30"]

1. d4 e6 2. c4 Nf6 3. g3 d5 4. Bg2 Bb4+ 5. Bd2 Bxd2+ 6. Nxd2 O-O 7. Ngf3 Nbd7 8. O-O c6 9. Qc2 Qe7 10. e4 dxe4 11. Nxe4 Nxe4 12. Qxe4 a5 13. Rfe1 Qb4 14. Qc2 h6 15. a3 Qb6 16. Rad1 a4 17. Qc3 Qa5 18. Ne5 Nxe5 19. Rxe5 Qc7 20. Re3 Rd8 21. h4 Bd7 22. Be4 Qa5 23. Bc2 Qxc3 24. bxc3 c5 25. dxc5 Bc6 26. Rd6 Kf8 27. Red3 Rdc8 28. Rd1 Ra5 29. Rb1 Rxc5 30. Rb4 Ke7 31. Rd4 Ra5 32. f4 f6 33. Kf2 g5 34. Bd1 e5 35. fxe5 fxe5 36. Rd2 gxh4 37. gxh4 Rg8 38. Re2 Rg2+ 39. Ke3 Rg3+ 40. Kd2 Rh3 41. c5 Rxc5 42. Bxa4 Rcxc3 43. Bxc6 bxc6 44. Rxe5+ Kd6 45. Rh5 Rxa3 46. Kc1 Ra2 47. Rd4+ Kc7 48. Kb1 Re2 49. Rd1 Re6 50. Kb2 Kb6 51. Rc1 Rf3 52. Rc2 Rf4 53. Rc3 Rb4+ 54. Rb3 Rb5 55. Rbxb5+ cxb5 56. Rf5 Ka5 57. Rf4 Re2+ 58. Kb3 Rh2 59. Re4 Rh3+ 60. Kb2 b4 61. Re5+ Ka4 62. Rh5 Rh2+ 63. Kc1 Kb3 64. Rxh6 Rh1+ 65. Kd2 Kb2 66. Ke3 b3 67. h5 Kc3 68. Rc6+ Kb4 69. Rb6+ Kc5 70. Rb8 Rxh5 71. Kd2 Kc4 72. Kc1 Rh1+ 1/2-1/2

[Event "Czech Open-E Teams 2022"]
[Site "Pardubice"]
[Date "2022.07.15"]
[Round "3.11"]
[White "Fryc, Miroslav"]
[Black "Chytilek, Roman"]
[Result "0-1"]
[ECO "B06"]
[WhiteElo "2169"]
[BlackElo "2317"]
[Annotator "ChessBase"]
[PlyCount "120"]
[EventDate "2022.07.14"]
[EventType "team-tourn"]
[EventCountry "CZE"]
[SourceTitle "playchess.com"]
[Source "ChessBase"]
[SourceQuality "1"]
[TimeControl "5400+30"]

1. e4 g6 2. d4 Bg7 3. Nc3 c6 4. Be2 d6 5. h3 Nf6 6. Nf3 O-O 7. O-O Nbd7 8. e5 Ne8 9. Bf4 dxe5 10. dxe5 Nc7 11. Re1 Ne6 12. Bg3 b5 13. Qc1 Qb6 14. Bf1 a5 15. Ne4 Ndc5 16. Qe3 Na4 17. b3 Qxe3 18. Rxe3 Nb6 19. Rd1 Nd5 20. Ree1 b4 21. Bc4 Bb7 22. Nd4 Nxd4 23. Rxd4 e6 24. Nc5 Rfb8 25. Bh4 h6 26. Nd7 Re8 27. f4 Ba6 28. Bxa6 Rxa6 29. Rc4 Rc8 30. Nc5 Ra7 31. Bf2 Re7 32. a4 Bf8 33. g3 h5 34. h4 Rec7 35. Ne4 c5 36. Nf6+ Nxf6 37. exf6 Rd8 38. Re5 Rd5 39. Kf1 Bd6 40. Rg5 Kf8 41. Ke2 Ke8 42. Kf3 Kd7 43. Ke4 Kc6 44. Be3 Bf8 45. Re5 Bd6 46. Rg5 Bf8 47. Re5 Bd6 48. Rg5 Bf8 49. c3 Rf5 50. cxb4 axb4 51. Rc2 Rd7 52. Rxf5 gxf5+ 53. Kf3 Rd3 54. Rb2 c4 55. Ke2 Rxb3 56. Rxb3 cxb3 57. Kd2 Bc5 58. Bxc5 Kxc5 59. Kc1 Kb6 60. Kb2 Ka6 0-1

[Event "Czech Open-E Teams 2022"]
[Site "Pardubice"]
[Date "2022.07.15"]
[Round "3.12"]
[White "Vyskocil, Neklan"]
[Black "Galicek, Stanislav"]
[Result "1-0"]
[ECO "B53"]
[WhiteElo "2286"]
[BlackElo "2071"]
[Annotator "ChessBase"]
[PlyCount "74"]
[EventDate "2022.07.14"]
[EventType "team-tourn"]
[EventCountry "CZE"]
[SourceTitle "playchess.com"]
[Source "ChessBase"]
[SourceQuality "1"]
[TimeControl "5400+30"]

1. e4 c5 2. Nf3 d6 3. d4 cxd4 4. Qxd4 Nc6 5. Bb5 Bd7 6. Bxc6 Bxc6 7. Nc3 Nf6 8. Bg5 e6 9. O-O-O Be7 10. Kb1 O-O 11. Qd3 Qa5 12. h4 Rfd8 13. Nd4 Be8 14. f4 a6 15. f5 Bd7 16. g4 Rac8 17. Rhg1 Qb4 18. Bd2 Qc4 19. g5 Ne8 20. Qe3 b5 21. fxe6 fxe6 22. Rgf1 Nc7 23. Nb3 Rf8 24. Rxf8+ Rxf8 25. a3 Rf1 26. Rxf1 Qxf1+ 27. Ka2 Qc4 28. Qa7 Kf7 29. Be3 Bd8 30. Qb8 Ke7 31. Bd4 e5 32. Bb6 Be6 33. Qb7 b4 34. Bxc7 Qxc7 35. Qxb4 Qa7 36. Nd5+ Bxd5 37. exd5 a5 1-0

[Event "Czech Open-E Teams 2022"]
[Site "Pardubice"]
[Date "2022.07.15"]
[Round "3.13"]
[White "Stalmach, Richard"]
[Black "Marsalek, Zdenek"]
[Result "1-0"]
[ECO "D17"]
[WhiteElo "2363"]
[BlackElo "2195"]
[Annotator "ChessBase"]
[PlyCount "35"]
[EventDate "2022.07.14"]
[EventType "team-tourn"]
[EventCountry "CZE"]
[SourceTitle "playchess.com"]
[Source "ChessBase"]
[SourceQuality "1"]
[TimeControl "5400+30"]

1. d4 d5 2. c4 c6 3. Nc3 Nf6 4. Nf3 dxc4 5. a4 Bf5 6. Ne5 Nbd7 7. Nxc4 Qc7 8. g3 e5 9. dxe5 Nxe5 10. Bf4 Nfd7 11. Bg2 f6 12. a5 g5 13. Bxe5 Nxe5 14. Nxe5 fxe5 15. a6 b6 16. Qc1 O-O-O 17. Qxg5 Be6 18. Qf6 1-0

[Event "Czech Open-E Teams 2022"]
[Site "Pardubice"]
[Date "2022.07.15"]
[Round "3.14"]
[White "Vltavsky, Vladimir"]
[Black "Mica, Marek"]
[Result "0-1"]
[ECO "D37"]
[WhiteElo "2106"]
[BlackElo "2304"]
[Annotator "ChessBase"]
[PlyCount "58"]
[EventDate "2022.07.14"]
[EventType "team-tourn"]
[EventCountry "CZE"]
[SourceTitle "playchess.com"]
[Source "ChessBase"]
[SourceQuality "1"]
[TimeControl "5400+30"]

1. d4 Nf6 2. Nf3 e6 3. c4 d5 4. Nc3 dxc4 5. Qa4+ c6 6. Qxc4 b5 7. Qb3 Nbd7 8. g3 a6 9. Bg2 Bb7 10. O-O c5 11. Qd1 Rc8 12. dxc5 Bxc5 13. Nd2 Bxg2 14. Kxg2 Qb6 15. Nde4 O-O 16. Nxc5 Nxc5 17. Be3 Rfd8 18. Qe1 b4 19. Nd1 Qb7+ 20. f3 Na4 21. b3 Nc3 22. Nxc3 bxc3 23. Bg5 Qb5 24. Bxf6 Rd2 25. Rf2 gxf6 26. Rc1 Rcd8 27. e3 Rxf2+ 28. Kxf2 Rd2+ 29. Kg1 Qd3 0-1

[Event "Czech Open-E Teams 2022"]
[Site "Pardubice"]
[Date "2022.07.15"]
[Round "3.15"]
[White "Frank, Adam"]
[Black "Hacha, Ales"]
[Result "1-0"]
[ECO "B00"]
[WhiteElo "2313"]
[BlackElo "2092"]
[Annotator "ChessBase"]
[PlyCount "67"]
[EventDate "2022.07.14"]
[EventType "team-tourn"]
[EventCountry "CZE"]
[SourceTitle "playchess.com"]
[Source "ChessBase"]
[SourceQuality "1"]
[TimeControl "5400+30"]

1. e4 d6 2. d4 c6 3. Nc3 Qa5 4. Nf3 Bg4 5. Be2 Nf6 6. O-O e6 7. h3 Bh5 8. Bd2 Qb6 9. e5 Nd5 10. Na4 Qd8 11. c4 Nc7 12. Qb3 Qc8 13. exd6 Bxd6 14. Nc3 O-O 15. Ne4 Ne8 16. Nxd6 Nxd6 17. Bf4 Ne4 18. Qe3 Nf6 19. Bd6 Re8 20. g4 Bg6 21. Ne5 Nfd7 22. h4 Nxe5 23. dxe5 h6 24. h5 Bh7 25. g5 hxg5 26. Qxg5 Kh8 27. Be7 Nd7 28. Rad1 Nxe5 29. h6 Ng6 30. Bf6 Qc7 31. Bxg7+ Kg8 32. f4 Rad8 33. Bd4 e5 34. Qf6 1-0

[Event "Czech Open-E Teams 2022"]
[Site "Pardubice"]
[Date "2022.07.15"]
[Round "3.16"]
[White "Duda, Antonin"]
[Black "Gnojek, Petr"]
[Result "1-0"]
[ECO "B07"]
[WhiteElo "2038"]
[BlackElo "2295"]
[Annotator "ChessBase"]
[PlyCount "73"]
[EventDate "2022.07.14"]
[EventType "team-tourn"]
[EventCountry "CZE"]
[SourceTitle "playchess.com"]
[Source "ChessBase"]
[SourceQuality "1"]
[TimeControl "5400+30"]

1. e4 d6 2. d4 Nf6 3. Nc3 g6 4. Be3 a6 5. a4 Bg7 6. Qd2 Nbd7 7. Bh6 Bxh6 8. Qxh6 e5 9. Nge2 Qe7 10. f3 b6 11. O-O-O Bb7 12. Kb1 O-O-O 13. Qe3 Kb8 14. Nc1 exd4 15. Qxd4 Ne5 16. Qb4 Qe6 17. Nb3 Rhe8 18. Be2 a5 19. Qd4 Nc6 20. Qd2 Nb4 21. Rhe1 d5 22. Bb5 Rf8 23. Nd4 Qe7 24. e5 Ne8 25. Na2 Nxa2 26. Kxa2 c5 27. Bxe8 Qxe8 28. e6 Qxa4+ 29. Kb1 Rc8 30. e7 Rfe8 31. Ne2 Rxe7 32. Nc3 Qe8 33. Qf4+ Ka8 34. Rxe7 Qxe7 35. Nxd5 Bxd5 36. Rxd5 Rd8 37. Qe4 1-0

[Event "Czech Open-E Teams 2022"]
[Site "Pardubice"]
[Date "2022.07.15"]
[Round "3.17"]
[White "Jirasek, Pavel"]
[Black "Svoboda, Vaclav"]
[Result "1-0"]
[ECO "A30"]
[WhiteElo "2290"]
[BlackElo "2397"]
[Annotator "ChessBase"]
[PlyCount "43"]
[EventDate "2022.07.14"]
[EventType "team-tourn"]
[EventCountry "CZE"]
[SourceTitle "playchess.com"]
[Source "ChessBase"]
[SourceQuality "1"]
[TimeControl "5400+30"]

1. c4 c5 2. Nf3 g6 3. g3 Bg7 4. Bg2 Nc6 5. O-O Nf6 6. d4 cxd4 7. Nxd4 O-O 8. Nc3 Qa5 9. Nb3 Qh5 10. e4 d6 11. Qxh5 Nxh5 12. c5 dxc5 13. Nxc5 Nd4 14. Bd2 b6 15. Nb3 Ba6 16. Rfd1 Rad8 17. Nxd4 Bxd4 18. Bh6 Ng7 19. Nd5 e5 20. Bg5 Ra8 21. Nc7 Be2 22. Rd2 1-0

[Event "Czech Open-E Teams 2022"]
[Site "Pardubice"]
[Date "2022.07.15"]
[Round "3.18"]
[White "Vyprachticky, David"]
[Black "Sedivy, Martin"]
[Result "1-0"]
[ECO "C55"]
[WhiteElo "2302"]
[BlackElo "2126"]
[Annotator "ChessBase"]
[PlyCount "137"]
[EventDate "2022.07.14"]
[EventType "team-tourn"]
[EventCountry "CZE"]
[SourceTitle "playchess.com"]
[Source "ChessBase"]
[SourceQuality "1"]
[TimeControl "5400+30"]

1. e4 e5 2. Nf3 Nc6 3. Bc4 Nf6 4. d3 Be7 5. O-O O-O 6. Re1 d6 7. a4 Be6 8. Na3 Qd7 9. c3 Rfe8 10. Bxe6 fxe6 11. d4 exd4 12. cxd4 d5 13. Ne5 Qc8 14. Nxc6 bxc6 15. e5 Nd7 16. Qg4 Bf8 17. Bh6 Kh8 18. Re3 Nb6 19. Rg3 Qd7 20. a5 Nc4 21. Nxc4 dxc4 22. Ra4 Rab8 23. Rxc4 Rxb2 24. h4 Qf7 25. Be3 c5 26. dxc5 Qf5 27. Qd4 Rbb8 28. Rf3 Qb1+ 29. Rc1 Qa2 30. Rf7 Red8 31. Qa1 Qxa1 32. Rxa1 Rbc8 33. c6 a6 34. Rd7 Bb4 35. Rad1 Rf8 36. Bd2 Bc5 37. Be1 h6 38. Rc1 Ba3 39. Rb1 Rf5 40. Rb7 Rxe5 41. Bc3 Rc5 42. Bxg7+ Kg8 43. Bxh6 Rxc6 44. Rb3 Bd6 45. f4 Bc5+ 46. Kf1 Bf8 47. Rg3+ Kh8 48. Bg7+ Bxg7 49. Rgxg7 Rc4 50. Rgf7 Rc5 51. Kf2 Rxa5 52. Rxc7 Rxc7 53. Rxc7 Rf5 54. g3 a5 55. Ra7 Rb5 56. Kf3 e5 57. fxe5 Rxe5 58. g4 Kg8 59. g5 Rb5 60. Kg4 Kh8 61. Kh5 Kg8 62. Kh6 Rb6+ 63. g6 Rb8 64. Rxa5 Kh8 65. h5 Rc8 66. Kg5 Rb8 67. h6 Rc8 68. Rd5 Rb8 69. h7 1-0

[Event "Czech Open-E Teams 2022"]
[Site "Pardubice"]
[Date "2022.07.15"]
[Round "3.19"]
[White "Flasar, Jaroslav"]
[Black "Vedral, Oldrich"]
[Result "1-0"]
[ECO "C55"]
[WhiteElo "2044"]
[BlackElo "2268"]
[Annotator "ChessBase"]
[PlyCount "87"]
[EventDate "2022.07.14"]
[EventType "team-tourn"]
[EventCountry "CZE"]
[SourceTitle "playchess.com"]
[Source "ChessBase"]
[SourceQuality "1"]
[TimeControl "5400+30"]

1. e4 e5 2. Nf3 Nc6 3. d4 exd4 4. Bc4 Nf6 5. e5 d5 6. Bb5 Ne4 7. Nxd4 Bd7 8. Bxc6 bxc6 9. O-O Bc5 10. c3 Bb6 11. f3 Ng5 12. f4 Ne4 13. Be3 c5 14. Nc2 Bc6 15. Qg4 Qe7 16. b4 cxb4 17. Bxb6 axb6 18. cxb4 O-O 19. Qe2 Ba4 20. a3 f6 21. Ne3 Qd7 22. Qa2 fxe5 23. Qxd5+ Qxd5 24. Nxd5 Bb3 25. Ne7+ Kh8 26. Rf3 Rfd8 27. Nc3 Nd2 28. Rh3 exf4 29. Ng6+ Kg8 30. Nxf4 Rd4 31. Nfe2 Rd7 32. Rg3 c5 33. bxc5 bxc5 34. Rg5 c4 35. a4 h6 36. Re5 Kf7 37. a5 Kf6 38. Rb5 Ke6 39. Nf4+ Kd6 40. a6 Kc6 41. Nfd5 Rda7 42. Nb4+ Kc7 43. Rc5+ Kb6 44. Rc6# 1-0

[Event "Czech Open-E Teams 2022"]
[Site "Pardubice"]
[Date "2022.07.15"]
[Round "3.20"]
[White "Cuhra, Martin"]
[Black "Ruda, Ondrej"]
[Result "1-0"]
[ECO "C51"]
[WhiteElo "2225"]
[BlackElo "2024"]
[Annotator "ChessBase"]
[PlyCount "37"]
[EventDate "2022.07.14"]
[EventType "team-tourn"]
[EventCountry "CZE"]
[SourceTitle "playchess.com"]
[Source "ChessBase"]
[SourceQuality "1"]
[TimeControl "5400+30"]

1. e4 e5 2. Nf3 Nc6 3. Bc4 Bc5 4. b4 Bxb4 5. c3 Be7 6. d4 d6 7. Qb3 Na5 8. Bxf7+ Kf8 9. Qa4 Kxf7 10. Qxa5 exd4 11. cxd4 c5 12. Qd2 cxd4 13. O-O Nf6 14. e5 dxe5 15. Nxe5+ Kf8 16. Re1 Bf5 17. Ba3 Bxa3 18. Nxa3 h6 19. Qf4 1-0

[Event "Czech Open-E Teams 2022"]
[Site "Pardubice"]
[Date "2022.07.15"]
[Round "3.21"]
[White "Lajbl, Jan"]
[Black "Cukrowski, Filip"]
[Result "0-1"]
[ECO "B12"]
[WhiteElo "2212"]
[BlackElo "2378"]
[Annotator "ChessBase"]
[PlyCount "80"]
[EventDate "2022.07.14"]
[EventType "team-tourn"]
[EventCountry "CZE"]
[SourceTitle "playchess.com"]
[Source "ChessBase"]
[SourceQuality "1"]
[TimeControl "5400+30"]

1. e4 c6 2. d4 d5 3. e5 Bf5 4. h4 h5 5. c4 e6 6. Nc3 Nd7 7. Nge2 dxc4 8. Ng3 Nb6 9. Bg5 Be7 10. Bxe7 Nxe7 11. Nxh5 Bg6 12. Ng3 Nf5 13. Nge4 Kf8 14. Qd2 Rxh4 15. Rxh4 Qxh4 16. g3 Qh5 17. Be2 Qh1+ 18. Bf1 Bh5 19. Qf4 Nxd4 20. g4 Qf3 21. Qd2 Qxe4+ 22. Nxe4 Nf3+ 23. Ke2 Nxd2 24. Kxd2 Bxg4 25. Nd6 Rb8 26. a4 Bf3 27. Ke3 Bd5 28. Kd4 Ke7 29. a5 Nd7 30. f4 g5 31. Bxc4 gxf4 32. Bxd5 cxd5 33. Rc1 Nxe5 34. Nc8+ Kd7 35. Nxa7 Nf3+ 36. Kc5 Nd2 37. Rc2 Nc4 38. b4 Ra8 39. Nb5 Rc8+ 40. Kd4 Nd6 0-1

[Event "Czech Open-E Teams 2022"]
[Site "Pardubice"]
[Date "2022.07.15"]
[Round "3.22"]
[White "Kulon, Klaudia"]
[Black "Novotny, Jaroslav"]
[Result "1-0"]
[ECO "A10"]
[WhiteElo "2286"]
[BlackElo "2169"]
[Annotator "ChessBase"]
[PlyCount "77"]
[EventDate "2022.07.14"]
[EventType "team-tourn"]
[EventCountry "CZE"]
[SourceTitle "playchess.com"]
[Source "ChessBase"]
[SourceQuality "1"]
[TimeControl "5400+30"]

1. c4 g6 2. g3 Bg7 3. Bg2 Nf6 4. Nc3 O-O 5. e4 d6 6. Nge2 c5 7. O-O Nc6 8. d3 Ne8 9. a3 Nc7 10. Rb1 Ne6 11. b4 Rb8 12. Be3 Ned4 13. h3 Bd7 14. f4 a6 15. Kh2 b5 16. cxb5 axb5 17. Qd2 e6 18. Rfc1 Qe7 19. bxc5 dxc5 20. e5 Nxe2 21. Qxe2 Nd4 22. Qf2 f6 23. exf6 Bxf6 24. Ne4 Rbc8 25. Nxf6+ Qxf6 26. Rxc5 Rxc5 27. Bxd4 Rc2 28. Qxc2 Qxd4 29. Rb4 Qd6 30. h4 Rc8 31. Qb2 Qc5 32. Qf6 Rf8 33. Qd4 Qc7 34. a4 Rf5 35. Rb2 Rc5 36. a5 Rc1 37. Qb6 Kf7 38. Ra2 Ke7 39. Qd4 1-0

[Event "Czech Open-E Teams 2022"]
[Site "Pardubice"]
[Date "2022.07.15"]
[Round "3.23"]
[White "Zelbova, Lada"]
[Black "Mondrzycki, Bartlomiej"]
[Result "0-1"]
[ECO "A46"]
[WhiteElo "1898"]
[BlackElo "2180"]
[Annotator "ChessBase"]
[PlyCount "74"]
[EventDate "2022.07.14"]
[EventType "team-tourn"]
[EventCountry "CZE"]
[SourceTitle "playchess.com"]
[Source "ChessBase"]
[SourceQuality "1"]
[TimeControl "5400+30"]

1. d4 Nf6 2. Nf3 e6 3. Bf4 c5 4. e3 cxd4 5. exd4 b6 6. Nbd2 Be7 7. Bd3 O-O 8. Qe2 Bb7 9. c3 d6 10. h3 Nbd7 11. O-O h6 12. a4 Nd5 13. Bg3 a6 14. Ra3 N7f6 15. Rb3 Nh5 16. Qe4 Nhf6 17. Qe2 a5 18. Ne1 Rb8 19. Nc2 Bc6 20. Bb5 Ba8 21. c4 Nc7 22. Rc3 Rc8 23. Re1 d5 24. b3 Nxb5 25. axb5 dxc4 26. bxc4 Nd5 27. Rd3 Nb4 28. Nxb4 Bxb4 29. Be5 Bxd2 30. Rxd2 Qg5 31. Bg3 Rxc4 32. Qxc4 Qxd2 33. f3 Bd5 34. Qc7 a4 35. Qxb6 a3 36. Qc7 a2 37. Qc1 Qb4 0-1

[Event "Czech Open-E Teams 2022"]
[Site "Pardubice"]
[Date "2022.07.15"]
[Round "3.24"]
[White "Daniel, Damian"]
[Black "Kabelka, Ondrej"]
[Result "1/2-1/2"]
[ECO "A65"]
[WhiteElo "2172"]
[BlackElo "2014"]
[Annotator "ChessBase"]
[PlyCount "50"]
[EventDate "2022.07.14"]
[EventType "team-tourn"]
[EventCountry "CZE"]
[SourceTitle "playchess.com"]
[Source "ChessBase"]
[SourceQuality "1"]
[TimeControl "5400+30"]

1. d4 Nf6 2. c4 c5 3. d5 e6 4. Nc3 exd5 5. cxd5 d6 6. e4 g6 7. h3 Bg7 8. Nf3 O-O 9. Bd3 b5 10. Bxb5 Nxe4 11. Nxe4 Qa5+ 12. Nfd2 Qxb5 13. Nxd6 Qa6 14. N2c4 Nd7 15. O-O Ne5 16. Nxc8 Raxc8 17. Nxe5 Bxe5 18. Bg5 Bxb2 19. Rb1 Bd4 20. Be7 Qxa2 21. d6 Rfd8 22. Rb7 Qd5 23. Qf3 Qe6 24. Bxd8 Rxd8 25. Rxa7 Rxd6 1/2-1/2

[Event "Czech Open-E Teams 2022"]
[Site "Pardubice"]
[Date "2022.07.15"]
[Round "3.25"]
[White "Hrdina, Robin"]
[Black "Sodoma, Jan"]
[Result "1/2-1/2"]
[ECO "C77"]
[WhiteElo "2162"]
[BlackElo "2312"]
[Annotator "ChessBase"]
[PlyCount "76"]
[EventDate "2022.07.14"]
[EventType "team-tourn"]
[EventCountry "CZE"]
[SourceTitle "playchess.com"]
[Source "ChessBase"]
[SourceQuality "1"]
[TimeControl "5400+30"]

1. e4 e5 2. Nf3 Nc6 3. Bb5 a6 4. Ba4 Nf6 5. d3 d6 6. O-O b5 7. Bb3 Be7 8. h3 Na5 9. Nc3 Nxb3 10. axb3 Bb7 11. Re1 O-O 12. Bg5 h6 13. Be3 Re8 14. Bd2 Bf8 15. Ne2 g6 16. Ng3 Bg7 17. Nh2 d5 18. Ng4 Nxg4 19. hxg4 Qh4 20. Qf3 Rad8 21. Nf1 dxe4 22. dxe4 h5 23. gxh5 Rd4 24. hxg6 fxg6 25. Bc3 Rxe4 26. g3 Rxe1 27. Rxe1 Bxf3 28. gxh4 Bc6 29. Nh2 e4 30. Bxg7 Kxg7 31. Kg2 Rd8 32. Nf1 Kf6 33. Ne3 Ke5 34. Kg3 Rf8 35. Rd1 Rf3+ 36. Kg2 Rf4 37. Kg3 Rf3+ 38. Kg2 Rf4 1/2-1/2

[Event "Czech Open-E Teams 2022"]
[Site "Pardubice"]
[Date "2022.07.15"]
[Round "3.26"]
[White "Vitak, Jiri"]
[Black "Zvolensky, David"]
[Result "0-1"]
[ECO "E06"]
[WhiteElo "2223"]
[BlackElo "2196"]
[Annotator "ChessBase"]
[PlyCount "100"]
[EventDate "2022.07.14"]
[EventType "team-tourn"]
[EventCountry "CZE"]
[SourceTitle "playchess.com"]
[Source "ChessBase"]
[SourceQuality "1"]
[TimeControl "5400+30"]

1. d4 Nf6 2. c4 e6 3. g3 d5 4. Nf3 Be7 5. Bg2 O-O 6. O-O dxc4 7. Qa4 a6 8. Qxc4 b5 9. Qc2 Bb7 10. Bd2 Be4 11. Qc1 c6 12. Be3 Nd5 13. Nc3 Nxe3 14. Qxe3 Bd5 15. Qd2 Bxf3 16. Bxf3 Ra7 17. Rfd1 Rd7 18. e3 c5 19. a4 cxd4 20. exd4 b4 21. Ne2 a5 22. Qe3 Qb6 23. Rd3 Rfd8 24. b3 Nc6 25. Rad1 Bf6 26. Bxc6 Qxc6 27. f4 h5 28. Kf2 Rd5 29. h4 g6 30. Ng1 e5 31. fxe5 Bxe5 32. Ne2 Bf6 33. Kg1 Qd7 34. Qf2 Bg7 35. Kh2 Qd6 36. Qg2 Re8 37. Qf2 Re4 38. Kg1 Rf5 39. Rf3 Rxf3 40. Qxf3 f5 41. d5 Be5 42. Kg2 Rg4 43. Kh3 f4 44. gxf4 Qf6 45. Qf2 Qf5 46. Ng3 Rxh4+ 47. Kg2 Qh3+ 48. Kg1 Bxf4 49. d6 Bxg3 50. Qe2 Qh1# 0-1